 Dungeon Crawl Stone Soup version 0.19.1-1-g22dce08 (webtiles) character file.

413 dvd the Stinger (level 6, -1/38 HPs)
             Began as an Octopode Venom Mage on Dec 30, 2016.
             Slain by a hound (2 damage)
             ... on level 4 of the Dungeon.
             The game lasted 00:10:29 (3229 turns).

dvd the Stinger (Octopode Venom Mage)               Turns: 3229, Time: 00:10:29

Health: -1/38      AC:  1    Str:  6    XL:     6   Next: 91%
Magic:  7/11       EV: 13    Int: 19    God:
Gold:   255        SH:  0    Dex: 12    Spells: 2 memorised, 7 levels left

rFire  . . .     SeeInvis +     a - +2 dagger (chaos)
rCold  + . .     Gourm    .     (no shield)
rNeg   . . .     Faith    .     (helmet restricted)
rPois  .         Spirit   .     (no amulet)
rElec  .         Reflect  .     g - ring of see invisible
rCorr  .         Harm     .     N - ring of protection from cold
MR     .....                    (no ring)
Stlth  +++.......               (no ring)
                                (no ring)
                                (no ring)
                                (no ring)
                                (no ring)

@: no status effects
A: almost no armour, stealthy swim, amphibious, 8 rings, constrict 8, camouflage
1, blurry vision 1, weak 1, gelatinous body 1, subdued magic 1
a: no special abilities


You were on level 4 of the Dungeon.
You were hungry.

You visited 1 branch of the dungeon, and saw 4 of its levels.

You collected 255 gold pieces.

Inventory:

Hand Weapons
 a - a +2 dagger of chaos (weapon)
 r - a cursed +0 whip
 t - a +0 short sword
 u - a +2 flail of crushing
 v - a +0 club of chaos
 w - a +0 spear
 x - a +0 trident
 G - a +0 hand axe
 L - a +0 war axe
Missiles
 c - 10 tomahawks (quivered)
 E - 2 poisoned tomahawks
Armour
 n - a +0 shield
Jewellery
 g - a ring of see invisible (left tentacle)
 N - a ring of protection from cold (right tentacle)
Scrolls
 d - 4 scrolls of remove curse {unknown}
 e - 2 scrolls of random uselessness {unknown}
 f - 2 scrolls of magic mapping {unknown}
 h - 4 scrolls of teleportation {unknown}
 i - a scroll of enchant weapon {unknown}
 y - 3 scrolls of identify {unknown}
 B - 3 scrolls of immolation {unknown}
 D - a scroll of enchant armour {unknown}
 F - 2 scrolls of amnesia {unknown}
 I - a scroll of recharging {unknown}
Potions
 k - a potion of might {unknown}
 o - a potion of heal wounds {unknown}
 p - a potion of resistance {unknown}
 q - a potion of flight {unknown}
 s - a potion of cancellation
 A - a potion of agility {unknown}
 C - a potion of brilliance {unknown}
 J - a potion of haste {unknown}
 K - a potion of curing {unknown}
 M - a potion of mutation
 O - a potion of cure mutation {unknown}
Books
 m - a Young Poisoner's Handbook

   Spells                             Type                      Level
   a - Sting                          Conjuration/Poison           1
   b - Mephitic Cloud                 Conjuration/Poison/Air       3
   c - Olgreb's Toxic Radiance        Poison                       4
   d - Alistair's Intoxication        Transmutation/Poison         5
   e - Venom Bolt                     Conjuration/Poison           5
 H - Sif Muna's Reference Book on Summoning
   (You found it on level 3 of the Dungeon)

   Spells                             Type                      Level
   a - Summon Butterflies             Summoning                    1
Comestibles
 b - 5 bread rations
 j - 2 slices of pizza
 l - a beef jerky
 z - 3 chunks of flesh


   Skills:
 + Level 1.4 Fighting
 + Level 1.4 Short Blades
 + Level 1.0 Polearms
 + Level 0.2 Throwing
 + Level 2.4 Dodging
 + Level 4.0 Stealth
 + Level 3.9 Spellcasting
 + Level 2.1 Conjurations
 + Level 6.3 Poison Magic


You had 7 spell levels left.
You knew the following spells:

 Your Spells              Type           Power        Failure   Level  Hunger
a - Sting                 Conj/Pois      ###.         1%          1    None
b - Olgreb's Toxic Radia  Pois           ###.....     10%         4    ####...


Dungeon Overview and Level Annotations

Branches:
Dungeon (4/15)
 Temple: D:4-7

Altars:
Dithmenos
Qazlal
Sif Muna
Xom

Shops:
D:4 :


Innate Abilities, Weirdness & Mutations

You cannot wear most types of armour.
You are very stealthy in the water. (Stealth+)
You are amphibious.
You can wear up to eight rings at the same time.
You can use your tentacles to constrict eight enemies at once.
Your skin changes colour to match your surroundings (Stealth+).
Your rubbery body absorbs attacks. (AC +1, EV +1)
Scrolls take you a little longer to read.
You are weak. (Str -2)
Your spells are a little easier to cast, but a little less powerful.


Message History

Aiming: Sting
Press: ? - help, Shift-Dir - straight line, f - centaur
Aim: a centaur (lightly wounded)
The sting hits the centaur.
The centaur is moderately wounded.
The centaur hits you.
* * * LOW HITPOINT WARNING * * *
You hit the centaur. You freeze the centaur.
You squeeze the centaur, but do no damage.
The centaur is moderately wounded.
The centaur hits you.
* * * LOW HITPOINT WARNING * * *
The centaur hits you.
* * * LOW HITPOINT WARNING * * *
It was a potion of mutation.
You feel extremely strange.
You feel weaker.
Your connection to magic feels subdued.
Your vision blurs.
The centaur misses you.
It was a potion of cancellation.
You feel magically purged. The centaur barely misses you. The hound bites you.
You die...

#.##.#.# #######....#
#......# .# #.####.#
#.##...# .# #.. #.#
#.##...#### .# #..#
#.# #.........#.
>##..# #.#
#.........#. ?....#
### #.........#. ....#
####....###.###c...#
#....# #..@h..# #....#
##..(#.## ####รท#
#.(....#### ########.#
##......... ###
#........#####.##.####
##.##
##.#####...........#
#.#..
......##.######.####
#########.##
##.##.##.#
#...#####...........
#.##.##.#
#...##.......##.#.##


You could see a centaur and a hound.

Vanquished Creatures
  Grinder (D:3)
  An iguana (D:4)
  2 orc wizards (D:3)
  A worker ant (D:4)
  2 adders
  2 oozes
  2 dart slugs
  5 orcs
  5 giant cockroaches
  3 goblins
  8 hobgoblins
  12 jackals
  3 quokkas (D:2)
  9 bats
  9 frilled lizards
  8 kobolds
  5 rats
78 creatures vanquished.

Notes
Turn   | Place    | Note
-------+----------+-------------------------------------------
     0 | D:1      | dvd the Octopode Venom Mage began the quest for the Orb.
     0 | D:1      | Reached XP level 1. HP: 11/11 MP: 3/3
    97 | D:1      | Reached skill level 5 in Poison Magic
   152 | D:1      | Reached XP level 2. HP: 14/17 MP: 0/5
   958 | D:1      | Reached XP level 3. HP: 19/21 MP: 6/6
  1348 | D:2      | Found a shimmering altar of Xom.
  1589 | D:2      | Reached XP level 4. HP: 27/27 MP: 7/7
  1654 | D:2      | Learned a level 4 spell: Olgreb's Toxic Radiance
  2087 | D:3      | Found a stormy altar of Qazlal.
  2192 | D:3      | Found a deep blue altar of Sif Muna.
  2204 | D:3      | Reached skill level 1 in Polearms
  2278 | D:3      | Reached XP level 5. HP: 31/32 MP: 7/9
  2285 | D:3      | Identified Sif Muna's Reference Book on Summoning
  2304 | D:3      | Noticed Grinder
  2323 | D:3      | Killed Grinder
  2323 | D:3      | Reached skill level 1 in Fighting
  2323 | D:3      | Reached skill level 1 in Short Blades
  2323 | D:3      | Reached skill level 1 in Conjurations
  2323 | D:3      | Reached skill level 6 in Poison Magic
  2323 | D:3      | Reached XP level 6. HP: 38/38 MP: 3/11
  2376 | D:3      | Found a shadowy altar of Dithmenos.
  3041 | D:4      | Found Lyngul's Book Boutique.
  3227 | D:4      | HP: 1/38 [centaur (4)]
  3228 | D:4      | Gained mutation: You are weak. (Str -2) [potion of mutation]
  3228 | D:4      | Gained mutation: Your spells are a little easier to cast, but a little less powerful. [potion of mutation]
  3228 | D:4      | Gained mutation: Scrolls take you a little longer to read. [potion of mutation]
  3229 | D:4      | Slain by a hound

Skill      XL: |  1  2  3  4  5  6 |
---------------+-------------------+-----
Poison Magic   | 5 6 |  6.3
Stealth        | 3 4 |  4.0
Polearms       | 1 |  1.0
Spellcasting   | 3 |  3.9
Fighting       | 1 |  1.4
Short Blades   | 1 |  1.4
Conjurations   | 1 2 |  2.1
Throwing       | |  0.2
Dodging        | |  2.4

Action                   |  1- 3 |  4- 6 || total
-------------------------+-------+-------++-------
Melee: Unarmed           |    36 |       ||    36
       Constrict         |    17 |     6 ||    23
       Tentacles         |     5 |     9 ||    14
       Spear             |    18 |       ||    18
       Dagger            |    12 |    41 ||    53
Throw: Tomahawk          |     3 |       ||     3
 Cast: Sting             |    41 |    36 ||    77
       Olgreb's Toxic Ra |       |     5 ||     5
  Use: Potion            |       |     2 ||     2
 Stab: Sleeping          |     7 |     9 ||    16
       Confused          |       |     1 ||     1
  Eat: Chunk             |     2 |     6 ||     8
Armor: Skin              |    13 |       ||    13
Dodge: Dodged            |    50 |    17 ||    67
